Mulligans vs Atomiques
Created - March 3, 2020 at 20:40
Goals
|
Mulligans |
0 |
1 |
0 |
1 |
Atomiques |
0 |
4 |
2 |
6 |
|
Shots
|
Mulligans |
3 |
8 |
13 |
24 |
Atomiques |
3 |
16 |
11 |
30 |
|
1st period
No Goal
Penalties :
Joonas Donskoi (Rep) for Slashing (Minor) at 8:59, Darren Dietz (Rep) for Interference (Minor) at 18:21
2nd period
1. Atomiques , Corey Tropp 18 (Jonathan Huberdeau 32, Oscar Sundqvist 24) at 6:57
2. Atomiques , Corey Tropp 19 (Jonathan Huberdeau 33, Oscar Sundqvist 25) at 11:16
3. Atomiques , Oscar Sundqvist 20 (Jonathan Huberdeau 34, Jordan Schmaltz 31) at 14:12 (PP)
4. Atomiques , Anthony Nigro 3 (Max Friberg 15, Jacob De La Rose 7) at 15:47
5. Mulligans , Sam Bennett 6 (Drayson Bowman 11, Robbie Russo 2) at 19:34
Penalties :
Ben Hutton (Rep) for Holding (Minor) at 13:06, Travis Sanheim (STB) for Slashing (Minor) at 15:48
3rd period
6. Atomiques , Oscar Sundqvist 21 (Jonathan Huberdeau 35, Corey Tropp 17) at 11:58
7. Atomiques , William Nylander 8 (Kerby Rychel 6, Freddie Hamilton 2) at 19:26
Penalties :
Jordan Schmaltz (STB) for Roughing (Minor) at 1:02
Goalie Stats
Calvin Pickard (Rep), 14 saves from 18 shots - (0.778), L, 19-16-4, 35:47 minutes
Juuse Saros (Rep), 10 saves from 12 shots - (0.833), 24:13 minutes
Connor Hellebyuk (STB), 23 saves from 24 shots - (0.958), W, 21-13-4, 60:00 minutes
Players Stats for Mulligans
Player Name G A P +/- PIM S H SB GA TA FO MP PP MP PK MP
------------------------------------------------------------------------------------
Anton Lander 0 0 0 -1 0 4 1 1 0 0 18/38 21:59 2:02 3:06
Ben Hutton 0 0 0 0 2 1 0 0 2 0 0/0 20:21 1:28 1:43
Cody Goloubef 0 0 0 -3 0 2 0 0 1 0 0/0 26:33 2:30 2:30
Cristiano Digiacinto 0 0 0 0 0 0 0 0 0 0 0/0 0:00 0:00 0:00
Dalton Thrower 0 0 0 -1 0 0 0 1 0 1 0/0 12:54 0:00 0:12
Darren Dietz 0 0 0 0 2 0 1 1 0 0 0/0 19:19 1:28 0:33
Drayson Bowman 0 1 1 1 0 0 0 0 1 0 0/0 13:34 0:00 0:00
Eric Tangradi 0 0 0 -1 0 5 2 1 1 0 1/1 21:48 2:02 2:55
John Hayden 0 0 0 0 0 0 0 0 0 0 0/0 0:47 0:00 0:46
Jonathan Ferland 0 0 0 -1 0 2 0 1 0 0 0/2 20:04 2:02 1:15
Jonny Brodzinski 0 0 0 0 0 0 0 0 0 0 0/0 0:00 0:00 0:00
Joonas Donskoi 0 0 0 1 2 0 2 1 0 0 0/0 13:34 0:00 0:00
Logan Shaw 0 0 0 -3 0 2 0 0 0 1 1/1 14:50 1:56 0:00
Matt Beleskey 0 0 0 -3 0 1 1 0 0 0 0/0 14:50 1:56 0:00
Maxime Macenauer 0 0 0 -3 0 1 2 0 0 1 2/10 16:05 1:56 1:15
Michael Sdao 0 0 0 -3 0 2 3 2 1 1 0/0 26:32 2:30 3:26
Nick Moutrey 0 0 0 0 0 0 0 0 0 0 0/0 0:03 0:00 0:03
Reid Boucher 0 0 0 0 0 0 0 0 0 0 0/0 0:00 0:00 0:00
Robbie Russo 0 1 1 -1 0 2 0 0 0 0 0/0 14:23 0:00 1:44
Robby Fabbri 0 0 0 -1 0 0 0 0 0 0 1/1 7:38 0:00 0:00
Sam Bennett 1 0 1 1 0 1 3 1 0 1 3/5 13:34 0:00 0:00
Sven Baertschi 0 0 0 -1 0 0 1 1 1 0 0/0 8:27 0:00 0:48
Valeri Nichushkin 0 0 0 -1 0 1 1 0 0 0 0/2 7:38 0:00 0:00
Players Stats for Atomiques
Player Name G A P +/- PIM S H SB GA TA FO MP PP MP PK MP
------------------------------------------------------------------------------------
Aaron Haydon 0 0 0 0 0 0 0 1 0 0 0/0 12:33 0:00 0:00
Anthony Nigro 1 0 1 1 0 2 2 1 0 0 2/5 12:37 0:00 0:58
Bobby Farnham 0 0 0 -1 0 1 0 0 0 0 0/0 7:28 0:02 0:00
Carl Dahlstrom 0 0 0 3 0 0 0 1 0 2 0/0 19:14 2:27 1:27
Connor Clifton 0 0 0 0 0 1 0 2 0 1 0/0 15:55 0:00 2:47
Corey Tropp 2 1 3 3 0 5 3 2 0 1 3/4 20:03 3:19 0:00
Dalton Smith 0 0 0 -1 0 1 2 0 0 0 0/0 7:28 0:02 0:00
Eric Mestery 0 0 0 3 0 1 2 2 0 0 0/0 20:08 2:27 1:42
Freddie Hamilton 0 1 1 -1 0 0 2 0 0 1 0/2 8:05 0:00 0:01
Jacob De La Rose 0 1 1 1 0 0 4 0 0 0 0/0 14:14 0:00 2:05
Jonathan Huberdeau 0 4 4 3 0 1 4 1 1 0 0/1 20:55 3:19 0:52
Jordan Schmaltz 0 1 1 1 2 2 1 4 1 1 0/0 26:18 2:37 1:24
Kerby Rychel 0 1 1 1 0 3 2 1 0 0 0/0 16:21 1:43 0:00
Max Friberg 0 1 1 1 0 2 0 0 0 0 0/1 12:53 0:02 0:58
Nick Schmaltz 0 0 0 1 0 1 1 1 0 0 5/8 17:19 1:43 0:58
Oscar Sundqvist 2 2 4 3 0 3 3 0 1 0 24/39 22:26 3:19 2:04
Travis Sanheim 0 0 0 1 2 1 2 2 1 0 0/0 25:42 2:37 0:36
William Nylander 1 0 1 1 0 6 0 0 1 1 0/0 16:21 1:43 0:00
3 Stars
1 - Oscar Sundqvist (STB)
2 - Corey Tropp (STB)
3 - Jonathan Huberdeau (STB)
Power Play
Mulligans - 0 on 2 Attempt(s) - 0.00%
Atomiques - 1 on 3 Attempt(s) - 33.33%
Penalty Kill
Mulligans - 2 on 3 Attempt(s) - 66.67%
- Score 0 goal in Penalty Kill
Atomiques - 2 on 2 Attempt(s) - 100.00%
- Score 0 goal in Penalty Kill
Team Stat
Mulligans - Hits : 17 - Faceoff Wins : 26 - Blocked Shots : 10 - Penalty Minutes : 6
Atomiques - Hits : 28 - Faceoff Wins : 34 - Blocked Shots : 18 - Penalty Minutes : 4
Official
Referees : Unknown
Linesman : Unknown
Game Notes
Juuse Saros enters game at 15:47 of 2nd period
Finance
Level 1 -- Attendance: 1236 (61.80%) -- Ticket Income $49,440
Level 2 -- Attendance: 653 (65.30%) -- Ticket Income $13,060
Total Attendance: 1889 (62.97%)
Total Ticket Income: $62,500
Other Income: $3,125
Total Income: $65,625
Mulligans
5 vs 5 Forward
Center Left Wing Right Wing Time % Phy DF OF
1 Anton Lander Eric Tangradi Jonathan Ferland 40 1 2 2
2 Maxime Macenauer Matt Beleskey Logan Shaw 30 1 2 2
3 Sam Bennett Drayson Bowman Joonas Donskoi 20 1 2 2
4 Robby Fabbri Sven Baertschi Valeri Nichushkin 10 1 2 2
5 vs 5 Defense
Defense Defense Time % Phy DF OF
1 Cody Goloubef Michael Sdao 40 1 2 2
2 Ben Hutton Darren Dietz 30 1 2 2
3 Dalton Thrower Robbie Russo 20 1 2 2
4 Cody Goloubef Michael Sdao 10 1 2 2
PowerPlay Forward
Center Left Wing Right Wing Time % Phy DF OF
1 Anton Lander Eric Tangradi Jonathan Ferland 60 1 2 2
2 Maxime Macenauer Matt Beleskey Logan Shaw 40 1 2 2
PowerPlay Defense
Defense Defense Time % Phy DF OF
1 Cody Goloubef Michael Sdao 60 1 2 2
2 Ben Hutton Darren Dietz 40 1 2 2
Penalty Kill 4 Players Forward
Center Wing Time % Phy DF OF
1 Anton Lander Eric Tangradi 60 1 2 2
2 Jonathan Ferland Maxime Macenauer 40 1 2 2
Penalty Kill 4 Players Defense
Defense Defense Time % Phy DF OF
1 Cody Goloubef Michael Sdao 60 1 2 2
2 Ben Hutton Darren Dietz 40 1 2 2
Penalty Kill - 3 Players Forward
Forward Time % Phy DF OF
1 Anton Lander 60 1 2 2
2 Eric Tangradi 40 1 2 2
Penalty Kill - 3 Players Defense
Defense Defense Time % Phy DF OF
1 Cody Goloubef Michael Sdao 60 1 2 2
2 Ben Hutton Darren Dietz 40 1 2 2
4 vs 4 Forward
Center Wing Time % Phy DF OF
1 Anton Lander Eric Tangradi 60 1 2 2
2 Jonathan Ferland Maxime Macenauer 40 1 2 2
4 vs 4 Defense
Defense Defense Time % Phy DF OF
1 Cody Goloubef Michael Sdao 60 1 2 2
2 Ben Hutton Darren Dietz 40 1 2 2
Last Minutes Offensive
Center Left Wing Right Wing Defense Defense
Anton Lander Eric Tangradi Jonathan Ferland Cody Goloubef Michael Sdao
Last Minutes Defensive
Center Left Wing Right Wing Defense Defense
Anton Lander Eric Tangradi Jonathan Ferland Cody Goloubef Michael Sdao
Goaltenders
Starting : Calvin Pickard
Backup : Juuse Saros
Extra Forwards
Normal : Reid Boucher, Jonny Brodzinski, John Hayden - PP : Reid Boucher, Jonny Brodzinski - PK : John Hayden
Extra Defensemen
Normal : Dalton Thrower, Robbie Russo, Ben Hutton - PP : Dalton Thrower - PK : Robbie Russo, Ben Hutton
Penalty Shots
Anton Lander, Eric Tangradi, Jonathan Ferland, Maxime Macenauer, Matt Beleskey
Scratches
Cade Fairchild (Back Spasms Injury)
Atomiques
5 vs 5 Forward
Center Left Wing Right Wing Time % Phy DF OF
1 Oscar Sundqvist Jonathan Huberdeau Corey Tropp 40 1 2 2
2 Nick Schmaltz Kerby Rychel William Nylander 30 1 2 2
3 Anthony Nigro Jacob De La Rose Max Friberg 20 1 2 2
4 Freddie Hamilton Dalton Smith Bobby Farnham 10 1 2 2
5 vs 5 Defense
Defense Defense Time % Phy DF OF
1 Jordan Schmaltz Travis Sanheim 40 1 2 2
2 Eric Mestery Carl Dahlstrom 30 1 2 2
3 Aaron Haydon Connor Clifton 20 1 2 2
4 Jordan Schmaltz Travis Sanheim 10 1 2 2
PowerPlay Forward
Center Left Wing Right Wing Time % Phy DF OF
1 Oscar Sundqvist Jonathan Huberdeau Corey Tropp 60 1 2 2
2 Nick Schmaltz Kerby Rychel William Nylander 40 1 2 2
PowerPlay Defense
Defense Defense Time % Phy DF OF
1 Jordan Schmaltz Travis Sanheim 60 1 2 2
2 Eric Mestery Carl Dahlstrom 40 1 2 2
Penalty Kill 4 Players Forward
Center Wing Time % Phy DF OF
1 Oscar Sundqvist Jacob De La Rose 60 1 2 2
2 Anthony Nigro Max Friberg 40 1 2 2
Penalty Kill 4 Players Defense
Defense Defense Time % Phy DF OF
1 Jordan Schmaltz Connor Clifton 60 1 2 2
2 Eric Mestery Carl Dahlstrom 40 1 2 2
Penalty Kill - 3 Players Forward
Forward Time % Phy DF OF
1 Oscar Sundqvist 60 1 2 2
2 Jacob De La Rose 40 1 2 2
Penalty Kill - 3 Players Defense
Defense Defense Time % Phy DF OF
1 Jordan Schmaltz Connor Clifton 60 1 2 2
2 Eric Mestery Carl Dahlstrom 40 1 2 2
4 vs 4 Forward
Center Wing Time % Phy DF OF
1 Jonathan Huberdeau Corey Tropp 60 1 2 2
2 Oscar Sundqvist William Nylander 40 1 2 2
4 vs 4 Defense
Defense Defense Time % Phy DF OF
1 Jordan Schmaltz Connor Clifton 60 1 2 2
2 Eric Mestery Travis Sanheim 40 1 2 2
Last Minutes Offensive
Center Left Wing Right Wing Defense Defense
Oscar Sundqvist Jonathan Huberdeau William Nylander Jordan Schmaltz Travis Sanheim
Last Minutes Defensive
Center Left Wing Right Wing Defense Defense
Oscar Sundqvist Jacob De La Rose Corey Tropp Jordan Schmaltz Travis Sanheim
Goaltenders
Starting : Connor Hellebyuk
Backup : Thatcher Demko
Extra Forwards
Normal : Bobby Farnham, William Nylander, Nick Schmaltz - PP : Bobby Farnham, William Nylander - PK : Nick Schmaltz
Extra Defensemen
Normal : Carl Dahlstrom, Connor Clifton, Eric Mestery - PP : Carl Dahlstrom - PK : Connor Clifton, Eric Mestery
Penalty Shots
Jonathan Huberdeau, Corey Tropp, Max Friberg, Oscar Sundqvist, Bobby Farnham
Scratches
Mike Halmo (Healthy), Michael Chaput (Torn Left Knee Ligaments Injury), Max McCormick (Healthy), Joseph Cramarossa (Healthy), Matt Tennyson (Strained Right Knee Injury)
Colby Cohen (Bruised Right Foot Injury), Nicolas Aube-Kubel (Healthy), Axel Holmstrom (Healthy), Keegan Iverson (Healthy)
% Time on Ice - Mulligans
Lines # - Real PCT - Wanted PCT - Time Play
Normal Forward
1 - 33% - 40% - 16:52
2 - 25% - 30% - 12:54
3 - 27% - 20% - 13:34
4 - 15% - 10% - 7:38
Normal Defense
1 - 40% - 40% - 20:12
2 - 31% - 30% - 16:03
3 - 23% - 20% - 11:52
4 - 6% - 10% - 2:51
PP Forward
1 - 51% - 60% - 2:02
2 - 49% - 40% - 1:56
PP Defense
1 - 63% - 60% - 2:30
2 - 37% - 40% - 1:28
PK Forward
1 - 75% - 60% - 3:49
2 - 25% - 40% - 1:15
PK Defense
1 - 71% - 60% - 3:36
2 - 29% - 40% - 1:28
PK3 Forward
1 - 0% - 60%
2 - 0% - 40%
PK3 Defense
1 - 0% - 60%
2 - 0% - 40%
44 Forward
1 - 0% - 60%
2 - 0% - 40%
44 Defense
1 - 0% - 60%
2 - 0% - 40%
Last Minute Offensive - 0:00
Last Minute Defensive - 0:00
Total
Forward - 60:00
Defense - 60:00
|
% Time on Ice - Atomiques
Lines # - Real PCT - Wanted PCT - Time Play
Normal Forward
1 - 34% - 40% - 17:29
2 - 29% - 30% - 14:39
3 - 23% - 20% - 11:38
4 - 14% - 10% - 7:12
Normal Defense
1 - 40% - 40% - 20:15
2 - 30% - 30% - 15:21
3 - 25% - 20% - 12:33
4 - 6% - 10% - 2:49
PP Forward
1 - 66% - 60% - 3:21
2 - 34% - 40% - 1:43
PP Defense
1 - 52% - 60% - 2:37
2 - 48% - 40% - 2:27
PK Forward
1 - 76% - 60% - 3:00
2 - 24% - 40% - 0:58
PK Defense
1 - 70% - 60% - 2:47
2 - 30% - 40% - 1:11
PK3 Forward
1 - 0% - 60%
2 - 0% - 40%
PK3 Defense
1 - 0% - 60%
2 - 0% - 40%
44 Forward
1 - 0% - 60%
2 - 0% - 40%
44 Defense
1 - 0% - 60%
2 - 0% - 40%
Last Minute Offensive - 0:00
Last Minute Defensive - 0:00
Total
Forward - 60:00
Defense - 60:00
|
Play-by-Play
1st period
0:01 of 1st period - Anton Lander wins face-off versus Oscar Sundqvist in neutral zone.
0:03 of 1st period - Off-side.
0:04 of 1st period - Anton Lander wins face-off versus Oscar Sundqvist in neutral zone.
2:25 of 1st period - Slapshot by Kerby Rychel.
2:25 of 1st period - Stopped by Calvin Pickard without a rebound.
2:26 of 1st period - Maxime Macenauer wins face-off versus Oscar Sundqvist in Mulligans zone.
3:01 of 1st period - Drayson Bowman is hit by Jordan Schmaltz and loses puck.
3:50 of 1st period - Slapshot by Anton Lander.
3:50 of 1st period - Stopped by Connor Hellebyuk without a rebound.
3:51 of 1st period - Oscar Sundqvist wins face-off versus Maxime Macenauer in Atomiques zone.
4:06 of 1st period - Snap shot by Jonathan Huberdeau.
4:06 of 1st period - Shot Hit the Post.
5:23 of 1st period - Eric Mestery is hit by Matt Beleskey and loses puck.
5:44 of 1st period - Eric Mestery is hit by Joonas Donskoi and loses puck.
6:18 of 1st period - Jonathan Ferland is hit by Jacob De La Rose and loses puck.
7:11 of 1st period - Wrist shot by William Nylander.
7:11 of 1st period - Shot Misses the Net.
7:13 of 1st period - Slapshot by William Nylander.
7:13 of 1st period - Stopped by Calvin Pickard with a rebound.
7:15 of 1st period - Slapshot by Jordan Schmaltz.
7:15 of 1st period - Stopped by Calvin Pickard without a rebound.
7:16 of 1st period - Sam Bennett wins face-off versus Oscar Sundqvist in Mulligans zone.
7:41 of 1st period - Ben Hutton is hit by Jacob De La Rose and loses puck.
8:05 of 1st period - Max Friberg is hit by Sam Bennett and loses puck.
8:37 of 1st period - Snap shot by Drayson Bowman.
8:37 of 1st period - Shot Blocked by Jordan Schmaltz.
8:39 of 1st period - Slapshot by Darren Dietz.
8:39 of 1st period - Shot Blocked by Jordan Schmaltz.
8:57 of 1st period - Slapshot by Anthony Nigro.
8:57 of 1st period - Shot Misses the Net.
8:59 of 1st period - Minor Penalty to Joonas Donskoi for Slashing.
9:00 of 1st period - Oscar Sundqvist wins face-off versus Anton Lander in Mulligans zone.
9:25 of 1st period - Anton Lander is hit by Kerby Rychel and loses puck.
10:06 of 1st period - Slapshot by Robbie Russo.
10:06 of 1st period - Shot Misses the Net.
10:46 of 1st period - Michael Sdao is hit by Oscar Sundqvist and loses puck.
10:59 of 1st period - Penalty to Joonas Donskoi is over, Joonas Donskoi is back on ice.
11:37 of 1st period - Robbie Russo is hit by Anthony Nigro and loses puck.
12:09 of 1st period - Darren Dietz is hit by Oscar Sundqvist.
12:33 of 1st period - Oscar Sundqvist is hit by Sam Bennett and loses puck.
12:42 of 1st period - Wrist shot by Joonas Donskoi.
12:42 of 1st period - Shot Hit the Post.
13:23 of 1st period - Darren Dietz is hit by Freddie Hamilton.
14:18 of 1st period - Wrist shot by Robbie Russo.
14:18 of 1st period - Shot Blocked by Eric Mestery.
14:30 of 1st period - Oscar Sundqvist is hit by Eric Tangradi and loses puck.
14:46 of 1st period - Nick Schmaltz is hit by Joonas Donskoi and loses puck.
15:18 of 1st period - Snap shot by Valeri Nichushkin.
15:18 of 1st period - Stopped by Connor Hellebyuk with a rebound.
15:20 of 1st period - Slapshot by Dalton Thrower.
15:20 of 1st period - Shot Blocked by Nick Schmaltz.
15:48 of 1st period - Bobby Farnham is hit by Maxime Macenauer and loses puck.
16:05 of 1st period - Ben Hutton is hit by Oscar Sundqvist and loses puck.
16:43 of 1st period - Matt Beleskey is hit by Jonathan Huberdeau and loses puck.
17:10 of 1st period - Snap shot by Drayson Bowman.
17:10 of 1st period - Shot Blocked by Travis Sanheim.
17:45 of 1st period - Snap shot by Logan Shaw.
17:45 of 1st period - Stopped by Connor Hellebyuk with a rebound.
17:48 of 1st period - Icing by Jordan Schmaltz.
17:49 of 1st period - Anton Lander wins face-off versus Nick Schmaltz in Atomiques zone.
18:21 of 1st period - Minor Penalty to Darren Dietz for Interference.
18:22 of 1st period - Oscar Sundqvist wins face-off versus Anton Lander in Mulligans zone.
18:57 of 1st period - Wrist shot by Nick Schmaltz.
18:57 of 1st period - Shot Misses the Net.
Goals for this period are 0 for Mulligans vs 0 for Atomiques.
Shots for this period are 3 for Mulligans vs 3 for Atomiques.
2nd period
0:01 of 2nd period - Oscar Sundqvist wins face-off versus Anton Lander in neutral zone.
0:08 of 2nd period - Slapshot by Oscar Sundqvist.
0:08 of 2nd period - Deflect By Jonathan Huberdeau.
0:08 of 2nd period - Shot Misses the Net.
0:08 of 2nd period - Puck is out of play.
0:09 of 2nd period - Oscar Sundqvist wins face-off versus Anton Lander in Mulligans zone.
0:21 of 2nd period - Penalty to Darren Dietz is over, Darren Dietz is back on ice.
0:24 of 2nd period - Snap shot by Oscar Sundqvist.
0:24 of 2nd period - Deflect By Jonathan Huberdeau.
0:24 of 2nd period - Deflect By Eric Tangradi.
0:24 of 2nd period - Shot Blocked by Michael Sdao.
0:24 of 2nd period - Puck is out of play.
0:25 of 2nd period - Nick Schmaltz wins face-off versus Anton Lander in Mulligans zone.
0:44 of 2nd period - William Nylander is hit by Eric Tangradi and loses puck.
1:10 of 2nd period - Slapshot by Jonathan Huberdeau.
1:10 of 2nd period - Shot Misses the Net.
1:26 of 2nd period - Slapshot by Cody Goloubef.
1:26 of 2nd period - Shot Misses the Net.
1:28 of 2nd period - Backhand shot by Sven Baertschi.
1:28 of 2nd period - Shot Blocked by Anthony Nigro.
1:30 of 2nd period - Wrist shot by Cody Goloubef.
1:30 of 2nd period - Stopped by Connor Hellebyuk without a rebound.
1:31 of 2nd period - Anton Lander wins face-off versus Oscar Sundqvist in Atomiques zone.
1:44 of 2nd period - Snap shot by Jonathan Ferland.
1:44 of 2nd period - Stopped by Connor Hellebyuk without a rebound.
1:45 of 2nd period - Anton Lander wins face-off versus Corey Tropp in Atomiques zone.
1:52 of 2nd period - Snap shot by Travis Sanheim.
1:52 of 2nd period - Shot Blocked by Eric Tangradi.
2:11 of 2nd period - Matt Beleskey is hit by Nick Schmaltz and loses puck.
4:20 of 2nd period - Slapshot by Eric Tangradi.
4:20 of 2nd period - Stopped by Connor Hellebyuk without a rebound.
4:21 of 2nd period - Anton Lander wins face-off versus Oscar Sundqvist in Atomiques zone.
4:32 of 2nd period - Snap shot by Jonathan Ferland.
4:32 of 2nd period - Deflect By Eric Tangradi.
4:32 of 2nd period - Shot Blocked by Carl Dahlstrom.
4:32 of 2nd period - Puck is out of play.
4:33 of 2nd period - Oscar Sundqvist wins face-off versus Jonathan Ferland in Atomiques zone.
4:33 of 2nd period - Oscar Sundqvist is hit by Anton Lander.
4:39 of 2nd period - Darren Dietz is hit by Jonathan Huberdeau and loses puck.
5:05 of 2nd period - Snap shot by William Nylander.
5:05 of 2nd period - Stopped by Calvin Pickard with a rebound.
5:07 of 2nd period - Snap shot by Kerby Rychel.
5:07 of 2nd period - Shot Misses the Net.
5:09 of 2nd period - Slapshot by Eric Mestery.
5:09 of 2nd period - Deflect By Nick Schmaltz.
5:09 of 2nd period - Stopped by Calvin Pickard with a rebound.
5:30 of 2nd period - Off-side.
5:31 of 2nd period - Anton Lander wins face-off versus Oscar Sundqvist in neutral zone.
6:03 of 2nd period - Wrist shot by Logan Shaw.
6:03 of 2nd period - Shot Blocked by Jordan Schmaltz.
6:25 of 2nd period - Icing by Eric Mestery.
6:26 of 2nd period - Anton Lander wins face-off versus Max Friberg in Atomiques zone.
6:35 of 2nd period - Snap shot by Max Friberg.
6:35 of 2nd period - Stopped by Calvin Pickard with a rebound.
6:37 of 2nd period - Wrist shot by Max Friberg.
6:37 of 2nd period - Shot Blocked by Jonathan Ferland.
6:39 of 2nd period - Snap shot by Anthony Nigro.
6:39 of 2nd period - Shot Blocked by Michael Sdao.
6:41 of 2nd period - Snap shot by Anthony Nigro.
6:41 of 2nd period - Stopped by Calvin Pickard without a rebound.
6:42 of 2nd period - Corey Tropp wins face-off versus Maxime Macenauer in Mulligans zone.
6:53 of 2nd period - Wrist shot by Oscar Sundqvist.
6:53 of 2nd period - Shot Misses the Net.
6:55 of 2nd period - Wrist shot by Jonathan Huberdeau.
6:55 of 2nd period - Shot Misses the Net.
6:57 of 2nd period - Slapshot by Corey Tropp.
6:57 of 2nd period - Goal by Corey Tropp - Mulligans : 0 - Atomiques : 1.
6:58 of 2nd period - Oscar Sundqvist wins face-off versus Anton Lander in neutral zone.
7:03 of 2nd period - Snap shot by Oscar Sundqvist.
7:03 of 2nd period - Shot Misses the Net.
7:33 of 2nd period - Wrist shot by Kerby Rychel.
7:33 of 2nd period - Stopped by Calvin Pickard with a rebound.
7:43 of 2nd period - Snap shot by Bobby Farnham.
7:43 of 2nd period - Stopped by Calvin Pickard without a rebound.
7:44 of 2nd period - Anton Lander wins face-off versus Freddie Hamilton in Mulligans zone.
7:51 of 2nd period - Slapshot by Ben Hutton.
7:51 of 2nd period - Shot Misses the Net.
8:34 of 2nd period - Dalton Thrower is hit by Jacob De La Rose and loses puck.
8:55 of 2nd period - Snap shot by Kerby Rychel.
8:55 of 2nd period - Shot Misses the Net.
8:57 of 2nd period - Backhand shot by Connor Clifton.
8:57 of 2nd period - Shot Misses the Net.
9:03 of 2nd period - Travis Sanheim is hit by Sven Baertschi and loses puck.
9:29 of 2nd period - Snap shot by Eric Tangradi.
9:29 of 2nd period - Shot Blocked by Corey Tropp.
9:31 of 2nd period - Wrist shot by Anton Lander.
9:31 of 2nd period - Stopped by Connor Hellebyuk without a rebound.
9:32 of 2nd period - Logan Shaw wins face-off versus Anthony Nigro in Atomiques zone.
9:59 of 2nd period - Eric Tangradi is hit by Corey Tropp and loses puck.
10:03 of 2nd period - Icing by Cody Goloubef.
10:04 of 2nd period - Oscar Sundqvist wins face-off versus Anton Lander in Mulligans zone.
10:19 of 2nd period - Wrist shot by Anton Lander.
10:19 of 2nd period - Stopped by Connor Hellebyuk without a rebound.
10:20 of 2nd period - Nick Schmaltz wins face-off versus Maxime Macenauer in Atomiques zone.
10:20 of 2nd period - Nick Schmaltz is hit by Maxime Macenauer.
10:26 of 2nd period - Wrist shot by Kerby Rychel.
10:26 of 2nd period - Shot Misses the Net.
11:10 of 2nd period - Wrist shot by Max Friberg.
11:10 of 2nd period - Shot Blocked by Sam Bennett.
11:12 of 2nd period - Slapshot by Jordan Schmaltz.
11:12 of 2nd period - Deflect By Michael Sdao.
11:12 of 2nd period - Stopped by Calvin Pickard without a rebound.
11:13 of 2nd period - Oscar Sundqvist wins face-off versus Maxime Macenauer in Mulligans zone.
11:16 of 2nd period - Snap shot by Corey Tropp.
11:16 of 2nd period - Goal by Corey Tropp - Mulligans : 0 - Atomiques : 2.
11:17 of 2nd period - Anton Lander wins face-off versus Jonathan Huberdeau in neutral zone.
11:21 of 2nd period - Cody Goloubef is hit by Eric Mestery and loses puck.
11:28 of 2nd period - Slapshot by Eric Mestery.
11:28 of 2nd period - Stopped by Calvin Pickard with a rebound.
11:30 of 2nd period - Snap shot by Corey Tropp.
11:30 of 2nd period - Stopped by Calvin Pickard with a rebound.
11:32 of 2nd period - Snap shot by Oscar Sundqvist.
11:32 of 2nd period - Shot Misses the Net.
11:55 of 2nd period - Wrist shot by Dalton Smith.
11:55 of 2nd period - Stopped by Calvin Pickard with a rebound.
12:23 of 2nd period - Off-side.
12:24 of 2nd period - Sam Bennett wins face-off versus Anthony Nigro in neutral zone.
12:35 of 2nd period - Slapshot by Drayson Bowman.
12:35 of 2nd period - Shot Hit the Post.
12:57 of 2nd period - Off-side.
12:58 of 2nd period - Oscar Sundqvist wins face-off versus Anton Lander in neutral zone.
13:03 of 2nd period - Snap shot by Corey Tropp.
13:03 of 2nd period - Deflect By Oscar Sundqvist.
13:03 of 2nd period - Shot Blocked by Darren Dietz.
13:03 of 2nd period - Puck is out of play.
13:04 of 2nd period - Anton Lander wins face-off versus Oscar Sundqvist in Mulligans zone.
13:06 of 2nd period - Minor Penalty to Ben Hutton for Holding.
13:07 of 2nd period - Oscar Sundqvist wins face-off versus Anton Lander in Mulligans zone.
13:27 of 2nd period - Oscar Sundqvist is hit by Michael Sdao and loses puck.
14:10 of 2nd period - Wrist shot by Oscar Sundqvist.
14:10 of 2nd period - Stopped by Calvin Pickard with a rebound.
14:12 of 2nd period - Snap shot by Oscar Sundqvist.
14:12 of 2nd period - Goal by Oscar Sundqvist - Mulligans : 0 - Atomiques : 3.
14:13 of 2nd period - Maxime Macenauer wins face-off versus Nick Schmaltz in neutral zone.
14:22 of 2nd period - Slapshot by Maxime Macenauer.
14:22 of 2nd period - Shot Misses the Net.
14:24 of 2nd period - Slapshot by Maxime Macenauer.
14:24 of 2nd period - Stopped by Connor Hellebyuk with a rebound.
14:26 of 2nd period - Slapshot by Michael Sdao.
14:26 of 2nd period - Deflect By Maxime Macenauer.
14:26 of 2nd period - Shot Blocked by Kerby Rychel.
14:26 of 2nd period - Puck is out of play.
14:27 of 2nd period - Anton Lander wins face-off versus Nick Schmaltz in Atomiques zone.
14:54 of 2nd period - Nick Schmaltz is hit by Sam Bennett and loses puck.
15:47 of 2nd period - Snap shot by Anthony Nigro.
15:47 of 2nd period - Goal by Anthony Nigro - Mulligans : 0 - Atomiques : 4.
15:47 of 2nd period - Juuse Saros enters game.
15:48 of 2nd period - Oscar Sundqvist wins face-off versus Anton Lander in neutral zone.
15:48 of 2nd period - Minor Penalty to Travis Sanheim for Slashing.
15:49 of 2nd period - Oscar Sundqvist wins face-off versus Anton Lander in Atomiques zone.
15:49 of 2nd period - Oscar Sundqvist is hit by Michael Sdao.
16:34 of 2nd period - Icing by Michael Sdao.
16:35 of 2nd period - Anthony Nigro wins face-off versus Maxime Macenauer in Mulligans zone.
16:53 of 2nd period - Snap shot by Anton Lander.
16:53 of 2nd period - Shot Misses the Net.
16:55 of 2nd period - Snap shot by Michael Sdao.
16:55 of 2nd period - Stopped by Connor Hellebyuk with a rebound.
16:57 of 2nd period - Slapshot by Michael Sdao.
16:57 of 2nd period - Shot Misses the Net.
17:21 of 2nd period - Ben Hutton is hit by Jonathan Huberdeau and loses puck.
17:48 of 2nd period - Penalty to Travis Sanheim is over, Travis Sanheim is back on ice.
18:24 of 2nd period - Wrist shot by Kerby Rychel.
18:24 of 2nd period - Deflect By Nick Schmaltz.
18:24 of 2nd period - Shot Misses the Net.
18:24 of 2nd period - Puck is out of play.
18:25 of 2nd period - Nick Schmaltz wins face-off versus Valeri Nichushkin in Mulligans zone.
18:38 of 2nd period - Wrist shot by Kerby Rychel.
18:38 of 2nd period - Stopped by Juuse Saros without a rebound.
18:39 of 2nd period - Anton Lander wins face-off versus Oscar Sundqvist in Mulligans zone.
18:48 of 2nd period - Darren Dietz is hit by Corey Tropp and loses puck.
19:32 of 2nd period - Snap shot by Drayson Bowman.
19:32 of 2nd period - Shot Misses the Net.
19:34 of 2nd period - Wrist shot by Sam Bennett.
19:34 of 2nd period - Goal by Sam Bennett - Mulligans : 1 - Atomiques : 4.
19:35 of 2nd period - Anton Lander wins face-off versus Oscar Sundqvist in neutral zone.
19:49 of 2nd period - Snap shot by Oscar Sundqvist.
19:49 of 2nd period - Shot Blocked by Anton Lander.
19:51 of 2nd period - Wrist shot by Corey Tropp.
19:51 of 2nd period - Shot Misses the Net.
Goals for this period are 1 for Mulligans vs 4 for Atomiques.
Shots for this period are 8 for Mulligans vs 16 for Atomiques.
3rd period
0:01 of 3rd period - Eric Tangradi wins face-off versus Oscar Sundqvist in neutral zone.
0:26 of 3rd period - Wrist shot by Max Friberg.
0:26 of 3rd period - Stopped by Juuse Saros with a rebound.
0:38 of 3rd period - Snap shot by Eric Tangradi.
0:38 of 3rd period - Stopped by Connor Hellebyuk with a rebound.
0:40 of 3rd period - Slapshot by Cody Goloubef.
0:40 of 3rd period - Shot Misses the Net.
0:42 of 3rd period - Slapshot by Cody Goloubef.
0:42 of 3rd period - Stopped by Connor Hellebyuk without a rebound.
0:43 of 3rd period - Oscar Sundqvist wins face-off versus Maxime Macenauer in Atomiques zone.
0:54 of 3rd period - Wrist shot by Logan Shaw.
0:54 of 3rd period - Shot Blocked by Jordan Schmaltz.
0:56 of 3rd period - Snap shot by Maxime Macenauer.
0:56 of 3rd period - Shot Misses the Net.
0:58 of 3rd period - Slapshot by Ben Hutton.
0:58 of 3rd period - Stopped by Connor Hellebyuk without a rebound.
0:59 of 3rd period - Nick Schmaltz wins face-off versus Sam Bennett in Atomiques zone.
0:59 of 3rd period - Nick Schmaltz is hit by Darren Dietz.
1:02 of 3rd period - Minor Penalty to Jordan Schmaltz for Roughing.
1:03 of 3rd period - Oscar Sundqvist wins face-off versus Anton Lander in Atomiques zone.
1:03 of 3rd period - Oscar Sundqvist is hit by Michael Sdao.
3:02 of 3rd period - Penalty to Jordan Schmaltz is over, Jordan Schmaltz is back on ice.
4:34 of 3rd period - Cody Goloubef is hit by Dalton Smith and loses puck.
5:27 of 3rd period - Jonathan Ferland is hit by Jacob De La Rose and loses puck.
5:40 of 3rd period - Dalton Thrower is hit by Freddie Hamilton and loses puck.
5:55 of 3rd period - Snap shot by Drayson Bowman.
5:55 of 3rd period - Shot Misses the Net.
6:21 of 3rd period - Anton Lander is hit by Corey Tropp and loses puck.
6:28 of 3rd period - Jonathan Ferland is hit by Eric Mestery and loses puck.
7:07 of 3rd period - Snap shot by William Nylander.
7:07 of 3rd period - Stopped by Juuse Saros with a rebound.
7:09 of 3rd period - Wrist shot by William Nylander.
7:09 of 3rd period - Stopped by Juuse Saros with a rebound.
7:23 of 3rd period - Icing by Ben Hutton.
7:24 of 3rd period - Sam Bennett wins face-off versus Freddie Hamilton in Mulligans zone.
7:49 of 3rd period - Wrist shot by Joonas Donskoi.
7:49 of 3rd period - Shot Blocked by Connor Clifton.
7:51 of 3rd period - Snap shot by Drayson Bowman.
7:51 of 3rd period - Deflect By Sam Bennett.
7:51 of 3rd period - Shot Blocked by Corey Tropp.
7:51 of 3rd period - Puck is out of play.
7:52 of 3rd period - Oscar Sundqvist wins face-off versus Maxime Macenauer in Atomiques zone.
7:57 of 3rd period - Wrist shot by Jonathan Huberdeau.
7:57 of 3rd period - Stopped by Juuse Saros without a rebound.
7:58 of 3rd period - Corey Tropp wins face-off versus Maxime Macenauer in Mulligans zone.
8:36 of 3rd period - Snap shot by Logan Shaw.
8:36 of 3rd period - Stopped by Connor Hellebyuk without a rebound.
8:37 of 3rd period - Oscar Sundqvist wins face-off versus Anton Lander in Atomiques zone.
8:48 of 3rd period - Snap shot by Oscar Sundqvist.
8:48 of 3rd period - Shot Misses the Net.
9:02 of 3rd period - Drayson Bowman is hit by Travis Sanheim.
9:05 of 3rd period - Off-side.
9:06 of 3rd period - Nick Schmaltz wins face-off versus Sam Bennett in neutral zone.
9:13 of 3rd period - Snap shot by Kerby Rychel.
9:13 of 3rd period - Shot Misses the Net.
9:23 of 3rd period - Slapshot by Robbie Russo.
9:23 of 3rd period - Stopped by Connor Hellebyuk with a rebound.
9:39 of 3rd period - Snap shot by Joonas Donskoi.
9:39 of 3rd period - Shot Blocked by Eric Mestery.
10:28 of 3rd period - Snap shot by William Nylander.
10:28 of 3rd period - Shot Blocked by Joonas Donskoi.
10:59 of 3rd period - Slapshot by Connor Clifton.
10:59 of 3rd period - Stopped by Juuse Saros without a rebound.
11:00 of 3rd period - Anton Lander wins face-off versus Oscar Sundqvist in Mulligans zone.
11:00 of 3rd period - Anton Lander is hit by Jonathan Huberdeau.
11:06 of 3rd period - Slapshot by Robbie Russo.
11:06 of 3rd period - Stopped by Connor Hellebyuk without a rebound.
11:07 of 3rd period - Oscar Sundqvist wins face-off versus Anton Lander in Atomiques zone.
11:12 of 3rd period - Wrist shot by Corey Tropp.
11:12 of 3rd period - Stopped by Juuse Saros without a rebound.
11:13 of 3rd period - Oscar Sundqvist wins face-off versus Anton Lander in Mulligans zone.
11:24 of 3rd period - Wrist shot by Corey Tropp.
11:24 of 3rd period - Stopped by Juuse Saros with a rebound.
11:44 of 3rd period - Off-side.
11:45 of 3rd period - Anton Lander wins face-off versus Oscar Sundqvist in neutral zone.
11:58 of 3rd period - Wrist shot by Oscar Sundqvist.
11:58 of 3rd period - Goal by Oscar Sundqvist - Mulligans : 1 - Atomiques : 5.
11:59 of 3rd period - Oscar Sundqvist wins face-off versus Jonathan Ferland in neutral zone.
12:02 of 3rd period - Slapshot by Corey Tropp.
12:02 of 3rd period - Shot Misses the Net.
12:08 of 3rd period - Snap shot by Jonathan Ferland.
12:08 of 3rd period - Stopped by Connor Hellebyuk without a rebound.
12:09 of 3rd period - Anton Lander wins face-off versus Oscar Sundqvist in Atomiques zone.
12:10 of 3rd period - Slapshot by Eric Tangradi.
12:10 of 3rd period - Stopped by Connor Hellebyuk without a rebound.
12:11 of 3rd period - Corey Tropp wins face-off versus Anton Lander in Atomiques zone.
12:37 of 3rd period - Cody Goloubef is hit by Travis Sanheim.
12:49 of 3rd period - Matt Beleskey is hit by Kerby Rychel and loses puck.
12:57 of 3rd period - Icing by Darren Dietz.
12:58 of 3rd period - Anthony Nigro wins face-off versus Valeri Nichushkin in Mulligans zone.
13:29 of 3rd period - Wrist shot by Jonathan Ferland.
13:29 of 3rd period - Deflect By Anton Lander.
13:29 of 3rd period - Stopped by Connor Hellebyuk without a rebound.
13:30 of 3rd period - Oscar Sundqvist wins face-off versus Anton Lander in Atomiques zone.
13:37 of 3rd period - Snap shot by Eric Tangradi.
13:37 of 3rd period - Stopped by Connor Hellebyuk with a rebound.
13:39 of 3rd period - Slapshot by Michael Sdao.
13:39 of 3rd period - Shot Blocked by Jonathan Huberdeau.
13:41 of 3rd period - Backhand shot by Michael Sdao.
13:41 of 3rd period - Stopped by Connor Hellebyuk without a rebound.
13:42 of 3rd period - Oscar Sundqvist wins face-off versus Anton Lander in Atomiques zone.
13:56 of 3rd period - Snap shot by Eric Tangradi.
13:56 of 3rd period - Shot Misses the Net.
15:32 of 3rd period - Slapshot by William Nylander.
15:32 of 3rd period - Shot Blocked by Dalton Thrower.
15:38 of 3rd period - Slapshot by Travis Sanheim.
15:38 of 3rd period - Stopped by Juuse Saros with a rebound.
15:51 of 3rd period - Off-side.
15:52 of 3rd period - Robby Fabbri wins face-off versus Anthony Nigro in neutral zone.
16:09 of 3rd period - Snap shot by Anthony Nigro.
16:09 of 3rd period - Shot Misses the Net.
16:11 of 3rd period - Wrist shot by Carl Dahlstrom.
16:11 of 3rd period - Deflect By Anthony Nigro.
16:11 of 3rd period - Shot Blocked by Sven Baertschi.
16:11 of 3rd period - Puck is out of play.
16:12 of 3rd period - Anton Lander wins face-off versus Oscar Sundqvist in Mulligans zone.
16:37 of 3rd period - Matt Beleskey is hit by Anthony Nigro and loses puck.
17:40 of 3rd period - Robbie Russo is hit by Dalton Smith.
17:48 of 3rd period - Snap shot by Eric Tangradi.
17:48 of 3rd period - Shot Misses the Net.
18:00 of 3rd period - Wrist shot by Matt Beleskey.
18:00 of 3rd period - Stopped by Connor Hellebyuk with a rebound.
18:02 of 3rd period - Slapshot by Maxime Macenauer.
18:02 of 3rd period - Shot Blocked by Aaron Haydon.
18:06 of 3rd period - Snap shot by Logan Shaw.
18:06 of 3rd period - Shot Blocked by Connor Clifton.
18:29 of 3rd period - Snap shot by William Nylander.
18:29 of 3rd period - Shot Hit the Post.
18:35 of 3rd period - Nick Schmaltz is hit by Valeri Nichushkin and loses puck.
19:24 of 3rd period - Snap shot by William Nylander.
19:24 of 3rd period - Stopped by Juuse Saros with a rebound.
19:26 of 3rd period - Snap shot by William Nylander.
19:26 of 3rd period - Goal by William Nylander - Mulligans : 1 - Atomiques : 6.
19:27 of 3rd period - Oscar Sundqvist wins face-off versus Anton Lander in neutral zone.
19:36 of 3rd period - Snap shot by Eric Tangradi.
19:36 of 3rd period - Stopped by Connor Hellebyuk without a rebound.
19:37 of 3rd period - Oscar Sundqvist wins face-off versus Anton Lander in Atomiques zone.
19:48 of 3rd period - Snap shot by Anton Lander.
19:48 of 3rd period - Shot Misses the Net.
19:58 of 3rd period - Wrist shot by Anton Lander.
19:58 of 3rd period - Shot Blocked by Travis Sanheim.
Goals for this period are 0 for Mulligans vs 2 for Atomiques.
Shots for this period are 13 for Mulligans vs 11 for Atomiques.
Back to the Top